 Seeded DCSS version 0.27.1-3-gb3d3a73c9e (webtiles) character file.

Game seed: 20211028 (custom seed)

257 jessy the Sneak (level 6, -2/41 HPs)
             Began as an Octopode Brigand on Oct 28, 2021.
             Was a Follower of Uskayaw.
             Slain by a fire elemental (21 damage)
             ... created by the adversity of Qazlal
             ... on level 5 of the Dungeon.
             The game lasted 00:20:45 (5117 turns).

jessy the Sneak (Octopode Brigand)                  Turns: 5117, Time: 00:20:46

Health: -2/41      AC:  1    Str: 11    XL:     6   Next: 16%
Magic:  6/6        EV: 14    Int: 13    God:    Uskayaw [*.....]
Gold:   170        SH:  0    Dex: 21    Spells: 5/5 levels left

rFire    x x .     SeeInvis .   A - +0 war axe
rCold    . . .     Faith    .   (no shield)
rNeg     . . .     Spirit   .   (helmet restricted)
rPois    .         Reflect  .   (no amulet)
rElec    x         Harm     .   l - +6 ring of dexterity
rCorr    .         Rampage  .   (no ring)
Will     .....                  (no ring)
Stlth    +++++.....             (no ring)
HPRegen  0.13/turn              (no ring)
MPRegen  0.10/turn              (no ring)
                                (no ring)
                                (no ring)

@: slowed, very slow
A: almost no armour, amphibious, 8 rings, camouflage 1, gelatinous body 1,
(nimble swimmer 1), tentacles, [heat vulnerability 2], [electricity
vulnerability]
a: Renounce Religion, Stomp


You were on level 5 of the Dungeon.
You worshipped Uskayaw.
Uskayaw was noncommittal.
You visited 1 branch of the dungeon, and saw 5 of its levels.

You collected 170 gold pieces.

Inventory:

Hand Weapons
 a - a +2 dagger
 f - a +0 whip
 i - a +3 dagger
 j - a +0 trident
 k - a +0 club
 m - a +1 short sword of holy wrath
 t - a +0 hunting sling
 u - a +0 whip of electrocution
 w - a +0 flail
 y - a +0 falchion
 A - a +0 war axe (weapon)
Missiles
 b - 11 poisoned darts (quivered)
 c - 2 curare-tipped darts
 e - 64 arrows
 h - 36 bolts
 n - 10 boomerangs
 p - 25 sling bullets
 s - 99 stones
Armour
 o - a +0 pair of boots
Jewellery
 l - a +6 ring of dexterity (left tentacle)
Wands
 r - a wand of acid (10)
Scrolls
 d - a scroll of enchant weapon {unknown}
 g - a scroll of immolation {unknown}
 q - a scroll of identify {unknown}
 v - a scroll of vulnerability {unknown}
 z - a scroll of amnesia {unknown}
Potions
 x - 2 potions of flight {unknown}


   Skills:
 + Level 2.7 Fighting
 + Level 2.6 Short Blades
 + Level 0.7(1.6) Axes
 + Level 2.3(2.4) Maces & Flails
 + Level 2.1 Throwing
 + Level 2.1 Dodging
 + Level 7.7 Stealth


You had 5 spell levels left.
You didn't know any spells.
Your spell library contained the following spells:

 Spells                   Type           Power      Damage    Failure   Level
 Gell's Gravitas          Tloc           0%         N/A       67%         3
 Teleport Other           Tloc           0%         N/A       67%         3
 Dispersal                Tloc           0%         N/A       100%        6


Dungeon Overview and Level Annotations

Branches:
Dungeon (5/15)
 Temple: D:4-7

Altars:
Ashenzari
Cheibriados
Dithmenos
Qazlal
Uskayaw
Vehumet


Innate Abilities, Weirdness & Mutations

You cannot wear most types of armour.
You are amphibious.
You can wear up to eight rings at the same time.
Your skin changes colour to match your surroundings (Stealth+).
Your rubbery body absorbs attacks. (AC +1, EV +1)
((You are camouflaged near water. (Stealth+)))
You have tentacles for arms and can constrict up to eight enemies at once.
[You are very vulnerable to heat. (rF--)]
[You are vulnerable to electric shocks.]


Message History

An adder comes into view.
The adder hisses angrily.
You see here 15 gold pieces.
You see here 15 gold pieces.
You now have 170 gold pieces (gained 15).
The adder barely misses you. The adder closely misses you.
You closely miss the adder. Your grab misses the adder. The adder bites you.
The adder closely misses you.
You closely miss the adder. Your grab misses the adder.
The adder bites you but does no damage.
You miss the adder. You grab the adder. You constrict the adder.
The adder bites you.
You are poisoned.
The adder poisons you! The adder bites you.
You are more poisoned.
The adder poisons you!
You slash the adder!
You kill the adder!
You feel very sick.
You feel sick.
You feel sick.
You feel sick.
You feel sick.
You feel sick.
You feel sick.
You are no longer poisoned.
You start resting.
Qazlal incites the elements against you!
The divine experience drains your vigour!
You feel yourself slow down.
A fire elemental comes into view.
You hit the fire elemental.
The fire elemental is lightly damaged.
You hit the fire elemental but do no damage.
The fire elemental is lightly damaged.
The fire elemental hits you. The fire elemental burns you!
The fire burns you terribly! The fire elemental hits you.
The fire elemental burns you! The fire burns you terribly!
Ouch! That really hurt!
You die...

###. .... #.# #..# #.# ...
#.# ##.. #.# ..# #.# #### ###
#.# #.# #...
.....##.##############.###..#
#..........E@..............##
#.#######################..#.
#..#. ##.#. #.#⌠ #.## #...
#... .........


You could see a fire elemental.

Vanquished Creatures
  An orc priest (D:4)
  A bullfrog skeleton (D:5)
  An iguana (D:4)
  A scorpion zombie (D:5)
  An orc wizard (D:4)
  A gnoll (D:3)
  4 adders
  An ufetubus (D:4)
  An adder zombie (D:5)
  3 dart slugs
  An orc (D:4)
  4 bats
  5 endoplasms
  6 giant cockroaches
  8 goblins
  4 hobgoblins
  4 jackals
  7 kobolds
  3 quokkas
  6 ball pythons
  5 frilled lizards
  A jackal skeleton (D:4)
  2 rats
71 creatures vanquished.

Notes
Turn   | Place    | Note
-------+----------+-------------------------------------------
     0 | D:1      | jessy the Octopode Brigand began the quest for the Orb.
     0 | D:1      | Reached XP level 1. HP: 14/14 MP: 1/1
   126 | D:1      | Found a faded altar of an unknown god.
   437 | D:1      | Reached XP level 2. HP: 19/19 MP: 2/2
   464 | D:1      | Reached skill level 6 in Stealth
   565 | D:1      | Became a worshipper of Vehumet
   565 | D:1      | Reached * piety under Vehumet
   565 | D:1      | Offered knowledge of Shock by Vehumet.
  1461 | D:2      | Reached XP level 3. HP: 24/24 MP: 3/3
  1775 | D:2      | Reached ** piety under Vehumet
  1797 | D:2      | Offered knowledge of Foxfire by Vehumet.
  2267 | D:2      | Reached XP level 4. HP: 29/29 MP: 4/4
  2668 | D:3      | Reached skill level 1 in Maces & Flails
  2847 | D:4      | Reached skill level 7 in Stealth
  2861 | D:4      | Reached XP level 5. HP: 5/34 MP: 5/5
  3391 | D:4      | Found a broken altar of Ashenzari.
  3411 | D:4      | Offered knowledge of Dazzling Flash by Vehumet.
  3936 | D:4      | Found a stormy altar of Qazlal.
  4004 | D:4      | Fell from the grace of Vehumet
  4004 | D:4      | Became a worshipper of Qazlal Stormbringer
  4215 | D:4      | Found a hide-covered altar of Uskayaw.
  4225 | D:4      | Fell from the grace of Qazlal
  4225 | D:4      | Became a worshipper of Uskayaw the Reveller
  4244 | D:4      | Reached * piety under Uskayaw
  4741 | D:5      | Entered Level 5 of the Dungeon
  4765 | D:5      | Found a large runed translucent door.
  4766 | D:5      | Found a large runed translucent door.
  4781 | D:5      | Found a shadowy altar of Dithmenos.
  4794 | D:5      | Reached ** piety under Uskayaw
  4803 | D:5      | Found a snail-covered altar of Cheibriados.
  4811 | D:5      | Reached XP level 6. HP: 23/41 MP: 6/6
  5116 | D:5      | Noticed a fire elemental
  5117 | D:5      | Slain by a fire elemental

Illustrated notes

Levels and vault maps discovered:
D:1:      kennysheep_arrival_forest, layout_basic,
          ebering_ecumenical_altar_rust, lemuel_another_geyser
D:2:      layout_basic
D:3:      kb_forest_paths, layout_basic, nzn_wu_jian_council_hall
D:4:      layout_gridville, mainiacjoe_overflow_catwalk_spiral,
          lemuel_crystal_altar, serial_bayou_crossing
D:5:      layout_loops_ring, nicolae_overflow_hidden_temple,
          jmf_multi_god_temple2, serial_shops, shop_statue

Skill      XL: |  1  2  3  4  5 |
---------------+----------------+-----
Stealth        | 6 7 |  7.7
Maces & Flails | 1 2 |  2.3
Dodging        | 2 |  2.1
Fighting       | |  2.7
Short Blades   | |  2.6
Axes           | |  0.7
Throwing       | |  2.1

Action                   |  1- 3 |  4- 6 || total
-------------------------+-------+-------++-------
Melee: Dagger            |    19 |       ||    19
       Whip              |    42 |    14 ||    56
       Constrict         |    21 |    22 ||    43
       Tentacles         |    11 |    12 ||    23
       Short sword       |    11 |    10 ||    21
       Flail             |       |    17 ||    17
       War axe           |       |    24 ||    24
       Trident           |       |     3 ||     3
  Use: Potion            |     4 |     4 ||     8
 Stab: Sleeping          |    12 |    10 ||    22
Armor: Skin              |     4 |     9 ||    13
Dodge: Dodged            |    49 |    85 ||   134
